 Dungeon Crawl Stone Soup version 0.27-a0-203-gd48b2df3c9 (webtiles) character file.

Game seed: 12594876731095249018

284035 hatsuma the Severer (level 19, -8/153 HPs)
             Began as a Minotaur Berserker on Jan 29, 2021.
             Was the Champion of Trog.
             Killed from afar by a raiju (18 damage)
             ... with a living lightning
             ... on level 3 of the Abyss on Jan 30, 2021.
             The game lasted 04:55:35 (41911 turns).

hatsuma the Severer (Minotaur Berserker)           Turns: 41911, Time: 04:55:35

Health: -8/153     AC: 43    Str: 22 (23) XL:     19   Next: 77%
Magic:  12/12      EV: 13    Int:  2 (3)  God:    Trog [******]
Gold:   3244       SH: 31    Dex: 19      Spells: 18/18 levels left

rFire    + . .     SeeInvis +   a - +8 broad axe (vorpal)
rCold    . . .     Faith    .   A - +1 tower shield "Xocyod" {+Fly rF+}
rNeg     . . .     Spirit   .   b - +7 plate armour
rPois    +         Reflect  +   s - +2 hat
rElec    .         Harm     .   Q - +2 cloak {rCorr}
rCorr    +         Rampage  .   e - +2 pair of gloves {Dex+3}
Will     +....                  S - +2 pair of boots
Stlth    ..........             w - amulet of reflection
HPRegen  0.00/turn              d - +4 ring of protection
MPRegen  0.13/turn              M - ring of poison resistance

@: berserk cooldown, non-regenerating, mildly diseased
A: retaliatory headbutt, horns 2, large bone plates 1, rugged brown scales 1,
see invisible, blink, dopey 1, [frail 2], low mp 2[+1], inhibited regeneration
}: 2/15 runes: barnacled, gossamer
a: Blink, Renounce Religion, Evoke Flight, Berserk, Trog's Hand, Brothers in
Arms


You were on level 3 of the Abyss.
You worshipped Trog.
Trog was exalted by your worship.
You visited 6 branches of the dungeon, and saw 34 of its levels.
You visited the Abyss 3 times.
You visited 1 bazaar.
You also visited: Gauntlet and Ice Cave.

You collected 4828 gold pieces.
You spent 1584 gold pieces at shops.

Inventory:

Hand Weapons
 a - a +8 vorpal broad axe (weapon)
 V - a +0 fustibalus of venom
 W - the +6 morningstar of Greatest Utility {protect, *Corrode rElec rN+ Int+4}
   (You found it in a Gauntlet)

   It grants its wielder temporary protection when it strikes (+7 to AC).
   It affects your intelligence (+4).
   It insulates you from electricity.
   It protects you from negative energy.
   It may corrode you when you take damage.
Missiles
 k - 11 atropa-tipped darts
 l - 37 silver javelins
 n - 8 throwing nets
 B - 71 boomerangs (quivered)
 F - 30 silver boomerangs
 G - 6 curare-tipped darts
Armour
 b - a +7 plate armour (worn)
 e - a +2 pair of gloves of dexterity (worn)
 s - a +2 hat (worn)
 A - the +1 tower shield "Xocyod" (worn) {+Fly rF+}
   (You found it on level 6 of the Lair of Beasts)

   It protects you from fire.
   It lets you fly.
 Q - a +2 cloak of preservation (worn)
 S - a +2 pair of boots (worn)
Jewellery
 d - a +4 ring of protection (left hand)
 w - an amulet of reflection (around neck)
 M - a ring of poison resistance (right hand)
Wands
 h - a wand of digging (23)
 m - a wand of acid (41)
 r - a wand of flame (28)
 t - a wand of polymorph (24)
 C - a wand of enslavement (12)
 N - a wand of mindburst (47)
 P - a wand of paralysis (27)
 T - a wand of iceblast (38)
Scrolls
 g - 9 scrolls of fear
 o - 6 scrolls of immolation
 x - 3 scrolls of fog
 y - 8 scrolls of magic mapping
 D - 10 scrolls of remove curse
 E - 12 scrolls of teleportation
 I - 2 scrolls of holy word
 O - 5 scrolls of silence
 X - 5 scrolls of blinking
 Z - 4 scrolls of vulnerability
Potions
 c - 4 potions of cancellation
 f - 16 potions of curing
 i - 2 potions of invisibility
 j - 8 potions of lignification
 p - 2 potions of resistance
 q - 9 potions of haste
 u - 4 potions of ambrosia
 v - 11 potions of heal wounds
 z - 9 potions of flight
 K - 9 potions of attraction
 U - 3 potions of might
Miscellaneous
 H - a condenser vane
 J - a lightning rod (4/4)
 R - a phial of floods


   Skills:
 - Level 20.0 Fighting
 - Level 20.0 Axes
 - Level 18.1 Armour
 - Level 11.0 Dodging
 + Level 16.1 Shields
 - Level 12.8 Evocations


You had 18 spell levels left.
You didn't know any spells.
Your spell library was empty.

Dungeon Overview and Level Annotations

Branches:
Dungeon (15/15)            Temple (0/1) D:4            Lair (6/6) D:10
 Shoals (4/4) Lair:2       Spider (4/4) Lair:3        Slime (0/5) Lair:5
    Orc (2/2) D:11            Elf (3/3) Orc:2        Vaults (0/5) D:13
 Depths (0/5) D:15          IceCv (visited)         Gauntlet (visited)

Altars:
Ashenzari
Cheibriados
Fedhas
Kikubaaqudgha
Makhleb
Okawaru
Ru
Sif Muna
Trog
Uskayaw
Vehumet
Wu Jian
Yredelemnul
Beogh
Jiyva

Shops:
D:8 (   D:9 [   D:10 *   Orc:1 }**   Orc:2 [*(:?   Elf:1 }   Shoals:3 *!=:

Portals:
Abyss: D:15

Annotations:
D:8 exclusion: orange crystal statue
D:15 2 transporters, SafestHooves's ghost, journeyman CeMo
Lair:3 2 runed translucent doors, HilariousDeathArtist's ghost, journeyman VSWn
Lair:5 exclusion: 4 oklob plants


Innate Abilities, Weirdness & Mutations

You reflexively headbutt those who attack you in melee.
You have a pair of horns on your head.
You are partially covered in large bone plates. (SH +4)
You are partially covered in rugged brown scales. (AC +1, +3% HP)
You have supernaturally acute eyesight. (SInv)
You can translocate small distances at will.
You are dopey. (Int -2)
You do not regenerate when monsters are visible.
[You are very frail. (-20% HP)]
[Your magical capacity is extremely low. (-30% MP)]


Message History

* * * LOW HITPOINT WARNING * * *
You slash the starcursed mass!
You headbutt the starcursed mass, but do no damage.
The starcursed mass is heavily damaged.
The starcursed mass shudders and is absorbed by its neighbour.
A starcursed mass splits.
A raiju comes into view.
You almost manage to decipher the scroll, but fail in this attempt.
The raiju barks!
You hear a bark!
You block the starcursed mass's attack.
There are monsters nearby!
Your intelligence has recovered.
You feel yourself speed up.
The raiju bursts into living lightning!
The living lightning misses you.
The raiju blinks!
You slash the raiju!
The raiju is heavily wounded.
The raiju bursts into living lightning!
The living lightning hits you!!
You die...

#. § ##...
# # # ## #
...# # # .
.##§#
##..####.
#. # #X.#
.#......
... #
#.X##..# .
#).###..###
. # .
###..#..#.#
# #.#
#..#.....#
. >..
#.#h@...#.#
#. .
###.#####
§. . . #.#
. #.#.# #.
#.. . . ...
.. . ... ..
. # #.#..
.. .


You could see a raiju.

Vanquished Creatures
  An ancient lich (Abyss:2)
  Jorgrun (D:13)
  An Ice Fiend (IceCv)
  A Hell Sentinel (Abyss:3)
  A deep elf blademaster (Elf:3)
  A tentacled starspawn (Abyss:2)
  Gastronok (Lair:2)
  Polyphemus (Shoals:2)
  Roxanne (Spider:4)
  2 frost giants
  A deep elf sorcerer (Elf:1)
  2 orc warlords
  Louise (Spider:3)
  4 emperor scorpions (Spider:4)
  2 ghost moths (Spider:4)
  Aizul (Shoals:4)
  A stone giant (Shoals:1)
  3 deep elf demonologists
  4 deep elf annihilators (Elf:3)
  A dire elephant (Lair:5)
  A lorocyproca (Abyss:3)
  An entropy weaver (Spider:3)
  A minotaur (Gauntlet)
  A spark wasp (shapeshifter) (Elf:1)
  3 merfolk javelineers
  5 deep elf death magi
  A blizzard demon (Abyss:2)
  An ettin (D:15)
  3 merfolk impalers (Shoals:4)
  Josephine (Spider:1)
  A fire dragon (Lair:2)
  Harold (D:9)
  8 hydras
  Erolcha (D:12)
  3 rakshasas
  A boulder beetle (D:11)
  3 centaur warriors
  Erica (Lair:1)
  4 merfolk avatars
  An ogre mage (D:15)
  4 merfolk aquamancers (Shoals:4)
  7 two-headed ogres
  23 dancing weapons
  3 catoblepae
  2 death knights
  3 tengu warriors
  6 death scarabs (Spider:4)
  9 death yaks
  4 orc high priests (Orc:2)
  A thrashing horror (Abyss:2)
  A hell knight (D:15)
  A sun demon (Abyss:2)
  3 wretched stars
  9 deep elf knights
  A spectral emperor scorpion (Spider:4)
  3 skeletal warriors
  A fire crab (Gauntlet)
  2 spatial maelstroms
  A glowing orange brain (Abyss:2)
  11 sea snakes
  A phantasmal warrior (D:15)
  8 deep elf archers
  2 necromancers (Elf:1)
  5 spectral wolf spiders (Spider:4)
  A lindwurm (shapeshifter) (Elf:3)
  4 wolf spider zombies
  23 deep elf pyromancers
  19 deep elf zephyrmancers
  7 harpies
  9 orc knights
  5 ugly things (D:15)
  3 orc sorcerers (Orc:2)
  5 fauns (Shoals:1)
  18 orb spiders
  26 wolf spiders
  A wolf spider (shapeshifter) (Elf:2)
  2 worldbinders
  11 cyclopes
  9 manticores
  4 oklob plants (Lair:6)
  A black mamba (Lair:1)
  A centaur zombie (D:13)
  4 moths of wrath
  16 elephants
  8 merfolk sirens
  4 ice statues
  A smoke demon (Abyss:3)
  4 torpor snails
  6 water nymphs
  10 rime drakes
  2 spectral redbacks (Spider:4)
  An efreet (Abyss:3)
  A gargoyle (D:11)
  16 cane toads
  A kobold demonologist (D:10)
  2 freezing wraiths
  5 redback zombies (Spider:4)
  7 komodo dragons
  2 ancient zymes
  A hellwing (Abyss:3)
  17 merfolk
  5 yaktaurs
  3 anaconda simulacra (IceCv)
  19 demonic crawlers
  A queen bee (Spider:1)
  7 ice devils (IceCv)
  6 wind drakes
  3 polar bears
  5 spectral jumping spiders (Spider:4)
  4 spectral tarantellas (Spider:4)
  4 trolls
  A wolf spider simulacrum (IceCv)
  11 hornets
  A raiju (Elf:3)
  Prince Ribbit (D:9)
  39 jumping spiders
  9 snapping turtles
  A harpy skeleton (D:14)
  A snapping turtle (shapeshifter) (D:14)
  A jumping spider zombie (Spider:4)
  8 dream sheep
  14 blink frogs
  Sigmund (D:2)
  A flying skull (Abyss:3)
  43 tarantellas
  A centaur simulacrum (D:14)
  4 ynoxinuls
  76 redbacks
  2 dire elephant simulacra (IceCv)
  An air elemental (Elf:3)
  3 shadows
  A tarantella (shapeshifter) (D:14)
  34 yaks
  3 fire bats (Gauntlet)
  6 wraiths
  4 fire elementals
  10 water elementals
  3 basilisks
  3 neqoxecs (Abyss:2)
  3 wyverns
  A human (D:13)
  A steam dragon (Lair:3)
  2 wargs
  A death yak simulacrum (IceCv)
  2 spatial vortices
  Menkaure (D:4)
  9 harpy simulacra (IceCv)
  An iron troll simulacrum (IceCv)
  Edmund (D:5)
  An acid dragon (D:12)
  3 hydra simulacra (IceCv)
  5 large abominations
  16 water moccasins
  41 orc warriors
  Duvessa (D:4)
  4 sky beasts
  4 ice beasts
  4 black bears
  An ettin simulacrum (IceCv)
  A necrophage (D:13)
  12 wolves
  A phantom (D:7)
  An eye of draining (Abyss:2)
  10 ogres
  A boggart (Gauntlet)
  14 centaurs
  Blork the orc (D:5)
  3 big kobolds
  3 elf zombies (Elf:1)
  21 bullfrogs
  3 earth elementals
  14 small abominations
  Dowan (D:4)
  4 scorpions
  9 killer bees (Spider:1)
  18 wights
  An elephant simulacrum (IceCv)
  2 howler monkeys
  2 electric eels (Lair:5)
  A crimson imp (D:13)
  2 bullfrog zombies
  3 jellies
  4 draconian simulacra (IceCv)
  2 quasits (Abyss:2)
  4 bullfrog skeletons
  A gnoll shaman (D:4)
  5 starcursed masses (Abyss:3)
  3 hounds
  32 orc priests
  7 centaur skeletons
  4 iguanas
  10 worker ants
  Natasha (thrice) (D:2)
  29 orc wizards
  5 hell rats (Lair:6)
  2 spriggan simulacra (IceCv)
  4 troll simulacra (IceCv)
  A polar bear simulacrum (IceCv)
  A killer bee zombie (D:5)
  2 hound zombies
  4 worker ant zombies
  6 gnolls
  A howler monkey skeleton (D:4)
  3 naga simulacra (IceCv)
  2 ogre simulacra (IceCv)
  16 adders
  A shadow imp (D:9)
  14 white imps
  5 ufetubi
  An adder zombie (D:8)
  3 adder skeletons
  5 worms
  2 dart slugs (D:2)
  4 leopard geckos
  83 orcs
  4 giant cockroaches
  6 goblins
  7 hobgoblins
  11 jackals
  19 kobolds
  11 quokkas
  A ball python (D:3)
  4 bats
  4 frilled lizards
  A leopard gecko skeleton (D:8)
  6 rats
  A butterfly (Lair:5)
  A starspawn tentacle (Abyss:2)
1356 creatures vanquished.

Vanquished Creatures (collateral kills)
  A green death (Gauntlet)
  2 death scarabs (Spider:4)
  2 orange demons (Gauntlet)
  Maggie (D:9)
  A spectral jumping spider (Spider:4)
  4 flying skulls (Abyss:3)
11 creatures vanquished.

Vanquished Creatures (others)
  Asterion (Elf:2)
  A merfolk aquamancer (Shoals:2)
  2 deep elf knights (Elf:2)
  2 deep elf pyromancers
  3 manticores
  An orc wizard (Orc:2)
  46 fungi
  220 plants
  9 starspawn tentacles (Abyss:2)
285 creatures vanquished.

Grand Total: 1652 creatures vanquished

Notes
Turn   | Place    | Note
-------+----------+-------------------------------------------
     0 | D:1      | hatsuma the Minotaur Berserker began the quest for the Orb.
     0 | D:1      | Reached XP level 1. HP: 19/19 MP: 0/0
   769 | D:1      | Reached XP level 2. HP: 22/27 MP: 1/1
  1173 | D:2      | Noticed Natasha
  1181 | D:2      | Killed Natasha
  1182 | D:2      | Reached skill level 5 in Fighting
  1182 | D:2      | Reached XP level 3. HP: 36/36 MP: 2/2
  1538 | D:2      | You fall into a shaft and drop 1 floor!
  1538 | D:3      | Found a hide-covered altar of Uskayaw.
  1538 | D:3      | Found an ornate altar of the Wu Jian Council.
  1538 | D:3      | Found a bloodstained altar of Trog.
  1539 | D:3      | Found a radiant altar of Vehumet.
  1540 | D:3      | Found a sacrificial altar of Ru.
  1541 | D:3      | Found an ancient bone altar of Kikubaaqudgha.
  1543 | D:3      | Found a shimmering blue altar of Sif Muna.
  1544 | D:3      | Found a burning altar of Makhleb.
  1546 | D:3      | Found a broken altar of Ashenzari.
  1654 | D:3      | Reached ** piety under Trog
  1655 | D:3      | Reached XP level 4. HP: 42/42 MP: 3/3
  1684 | D:2      | Noticed Natasha
  1688 | D:2      | Killed Natasha
  1689 | D:2      | Reached skill level 5 in Axes
  1708 | D:2      | Noticed Natasha
  1714 | D:2      | Killed Natasha
  2139 | D:2      | Noticed Sigmund
  2150 | D:2      | Killed Sigmund
  2151 | D:2      | Reached XP level 5. HP: 52/52 MP: 4/4
  2151 | D:2      | Reached XP level 6. HP: 60/60 MP: 5/5
  2291 | D:3      | Noticed an ice beast
  2299 | D:3      | Killed an ice beast
  2977 | D:4      | Reached XP level 7. HP: 50/66 MP: 6/6
  3060 | D:4      | Found a staircase to the Ecumenical Temple.
  3072 | D:4      | Reached *** piety under Trog
  3319 | D:4      | Noticed Duvessa
  3319 | D:4      | Noticed Menkaure
  3321 | D:4      | Noticed Dowan
  3324 | D:4      | Killed Menkaure
  3325 | D:4      | Reached skill level 5 in Armour
  3330 | D:4      | Killed Dowan
  3336 | D:4      | Killed Duvessa
  3877 | D:4      | Reached XP level 8. HP: 74/74 MP: 7/7
  4458 | D:5      | Entered Level 5 of the Dungeon
  4725 | D:5      | Reached **** piety under Trog
  5203 | D:5      | Found a snail-covered altar of Cheibriados.
  5227 | D:5      | Noticed Edmund
  5238 | D:5      | Killed Edmund
  5618 | D:5      | Noticed Blork the orc
  5622 | D:5      | Killed Blork the orc
  5623 | D:5      | Reached skill level 10 in Axes
  6036 | D:6      | Reached XP level 9. HP: 83/83 MP: 8/8
  6228 | D:6      | Reached skill level 10 in Fighting
  6473 | D:6      | Reached ***** piety under Trog
  6577 | D:6      | Found a basalt altar of Yredelemnul.
  6621 | D:6      | Got an ichor-stained chain mail
  6632 | D:6      | Identified the +4 chain mail of the Engineer {Regen+ Str+3}
                  | (You found it on level 6 of the Dungeon)
  6820 | D:7      | Noticed a two-headed ogre
  6832 | D:7      | Killed a two-headed ogre
  6943 | D:7      | Found an iron altar of Okawaru.
  7164 | D:7      | Found a blossoming altar of Fedhas.
  7648 | D:8      | Noticed an orange crystal statue
  7726 | D:8      | Noticed a two-headed ogre
  7735 | D:8      | Killed a two-headed ogre
  7736 | D:8      | Reached XP level 10. HP: 84/99 MP: 9/9
  8122 | D:8      | Found Vehooss's Weapon Shop.
  8407 | D:9      | Found Wusoech's Armour Shoppe.
  8412 | D:9      | Bought a +2 cloak of preservation for 279 gold pieces
  8434 | D:9      | Noticed Prince Ribbit
  8498 | D:9      | Killed Prince Ribbit
  8728 | D:9      | Noticed a two-headed ogre
  8737 | D:9      | Killed a two-headed ogre
  8781 | D:9      | Noticed Maggie
  8790 | D:9      | Killed Maggie
  8942 | D:9      | Bought a +0 kite shield for 58 gold pieces
  8942 | D:9      | Bought a +0 pair of boots for 58 gold pieces
  9141 | D:9      | Noticed Harold
  9159 | D:9      | Killed Harold
  9309 | D:9      | Reached skill level 1 in Shields
  9467 | D:10     | Entered Level 10 of the Dungeon
  9709 | D:10     | Reached XP level 11. HP: 105/105 MP: 10/10
  9951 | D:10     | Found Rataoroo's General Store.
  9959 | D:10     | Bought a +1 hat for 143 gold pieces
 10004 | D:10     | Found a staircase to the Lair.
 10040 | D:10     | Got an encrusted morningstar
 10532 | D:11     | Reached ****** piety under Trog
 10614 | D:11     | Reached skill level 5 in Shields
 10663 | D:11     | Found a staircase to the Orcish Mines.
 10752 | D:11     | Received a gift from Trog
 10834 | D:11     | Noticed a boulder beetle
 10847 | D:11     | Killed a boulder beetle
 11094 | Lair:1   | Entered Level 1 of the Lair of Beasts
 11148 | Lair:1   | Found an ancient bone altar of Kikubaaqudgha.
 11158 | Lair:1   | Noticed a five-headed hydra
 11185 | Lair:1   | Killed a 12-headed hydra
 11379 | Lair:1   | Identified the +6 morningstar "Debom" {vorpal, Int+2} (You
                  | found it on level 10 of the Dungeon)
 11381 | Lair:1   | Gained mutation: You are dopey. (Int -2) [mutagenic glow]
 11539 | Lair:2   | Noticed a six-headed hydra
 11549 | Lair:2   | Killed a six-headed hydra
 11588 | Lair:2   | Upgraded the game from 0.27-a0-200-g8ba017916c to
                  | 0.27-a0-203-gd48b2df3c9
 11621 | Lair:2   | Found a gate leading to a gauntlet.
 11648 | Gauntlet | Entered a Gauntlet
 11648 | Gauntlet | Found a transporter.
 11648 | Gauntlet | Found a runed translucent door.
 11649 | Gauntlet | Found a runed translucent door.
 11651 | Gauntlet | Noticed a fire crab
 11655 | Gauntlet | Found a transporter.
 11657 | Gauntlet | Found a transporter.
 11673 | Gauntlet | Found a transporter.
 11680 | Gauntlet | Found a transporter.
 11680 | Gauntlet | Noticed a thrashing horror
 11680 | Gauntlet | Noticed a thrashing horror
 11684 | Gauntlet | Found a transporter.
 11697 | Gauntlet | Noticed a thrashing horror
 11699 | Gauntlet | Noticed a thrashing horror
 11700 | Gauntlet | Found a transporter.
 11704 | Gauntlet | Found a transporter.
 11721 | Gauntlet | Noticed a green death
 11724 | Gauntlet | Found a transporter.
 11731 | Gauntlet | Found a transporter.
 11738 | Gauntlet | Found a transporter.
 11739 | Gauntlet | Found a transporter.
 11768 | Gauntlet | Found a transporter.
 11782 | Gauntlet | Found a transporter.
 11834 | Gauntlet | Killed a fire crab
 11932 | Gauntlet | Reached XP level 12. HP: 115/115 MP: 11/11
 11951 | Gauntlet | Killed a green death
 11966 | Gauntlet | Got a brightly glowing platinum ring
 11974 | Gauntlet | Identified the cursed ring of Pereusam {Int+4 Dex-4} (You
                  | found it in a Gauntlet)
 12028 | Gauntlet | Noticed a minotaur
 12036 | Gauntlet | Killed a minotaur
 12041 | Gauntlet | Identified the Catalogue of Contamination and the Oath
 12043 | Gauntlet | Got a bloodstained morningstar
 12045 | Gauntlet | Identified the +6 morningstar of Greatest Utility {protect,
                  | *Corrode rElec rN+ Int+4} (You found it in a Gauntlet)
 12051 | Lair:2   | Lost mutation: You are dopey. (Int -2) [potion of mutation]
 12051 | Lair:2   | Gained mutation: You are partially covered in rugged brown
                  | scales. (AC +1, +3% HP) [potion of mutation]
 12051 | Lair:2   | Gained mutation: You do not regenerate when monsters are
                  | visible. [potion of mutation]
 12051 | Lair:2   | Gained mutation: Your muscles are strong. (Str +2) [potion
                  | of mutation]
 12051 | Lair:2   | Gained mutation: You have a pair of large horns on your
                  | head. [potion of mutation]
 12068 | Lair:2   | Noticed Erica
 12069 | Lair:2   | Noticed Gastronok
 12121 | Lair:1   | Killed Erica
 12125 | Lair:1   | Lost mutation: Your muscles are strong. (Str +2) [potion of
                  | mutation]
 12125 | Lair:1   | Lost mutation: You have a pair of large horns on your head.
                  | [potion of mutation]
 12125 | Lair:1   | Gained mutation: You are partially covered in large bone
                  | plates. (SH +4) [potion of mutation]
 12125 | Lair:1   | Gained mutation: You have supernaturally acute eyesight.
                  | (SInv) [potion of mutation]
 12188 | Lair:2   | Killed Gastronok
 12189 | Lair:2   | Reached skill level 10 in Shields
 12548 | Lair:2   | Found a staircase to the Shoals.
 12737 | Lair:2   | Noticed a fire dragon
 12746 | Lair:2   | Killed a fire dragon
 13076 | Lair:3   | You fall into a shaft and drop 1 floor!
 13205 | Lair:4   | Received a gift from Trog
 13206 | Lair:4   | Reached skill level 15 in Fighting
 13303 | Lair:3   | Noticed a six-headed hydra
 13313 | Lair:3   | Killed a four-headed hydra
 13442 | Lair:3   | Reached XP level 13. HP: 126/129 MP: 12/12
 13627 | Lair:3   | Reached skill level 15 in Axes
 13729 | Lair:3   | Found a hole to the Spider Nest.
 13783 | Lair:3   | Reached skill level 10 in Armour
 13911 | Lair:3   | Found a large runed translucent door.
 13911 | Lair:3   | Found a large runed translucent door.
 14449 | Lair:3   | Noticed HilariousDeathArtist's ghost (journeyman VSWn)
 15801 | Lair:5   | Received a gift from Trog
 15936 | Lair:5   | Found a staircase to the Slime Pits.
 15936 | Lair:5   | Found a viscous altar of Jiyva.
 16345 | Lair:6   | Entered Level 6 of the Lair of Beasts
 16675 | Lair:6   | Reached XP level 14. HP: 114/142 MP: 13/13
 17828 | Lair:6   | Reached skill level 1 in Evocations
 18122 | Lair:6   | Got a twisted tower shield
 18128 | Lair:6   | Identified the +1 tower shield "Xocyod" {+Fly rF+} (You
                  | found it on level 6 of the Lair of Beasts)
 18815 | D:12     | Noticed Erolcha
 18821 | D:12     | Killed Erolcha
 19304 | D:12     | Got a brightly glowing long sword
 19305 | D:12     | Identified the cursed +1 long sword of Kindness {holy,
                  | Str+3} (You found it on level 12 of the Dungeon)
 19620 | Orc:1    | Entered Level 1 of the Orcish Mines
 19620 | Orc:1    | Found Ewkixuin's General Store.
 19731 | Orc:1    | Found Ibus Cim's Gadget Shoppe.
 19856 | Orc:2    | Entered Level 2 of the Orcish Mines
 19992 | Orc:2    | Found Josuvoh's Magic Scroll Boutique.
 20010 | Orc:2    | Found a staircase to the Elven Halls.
 20062 | Orc:2    | Bought a scroll of brand weapon for 220 gold pieces
 20391 | Orc:2    | Found a roughly hewn altar of Beogh.
 20550 | Orc:2    | Received a gift from Trog
 20679 | Orc:2    | Paralysed by an orc sorcerer for 2 turns
 20773 | Orc:2    | Noticed an orc warlord
 20786 | Orc:2    | Killed an orc warlord
 20786 | Orc:2    | Paralysed by an orc sorcerer for 4 turns
 21194 | Orc:2    | Found Ystagy's Antique Armour Boutique.
 21195 | Orc:2    | Found Ucreug's Antique Weapon Boutique.
 21198 | Orc:2    | Found Bamaixum's General Store.
 21198 | Orc:2    | Found Geufoddi's Book Shop.
 21242 | Orc:2    | Bought a pair of embroidered gloves for 172 gold pieces
 21428 | Orc:2    | Bought a scroll of enchant armour for 82 gold pieces
 21560 | Orc:1    | Found Maakaq's Assorted Antiques.
 21841 | D:13     | Received a gift from Trog
 21960 | D:13     | Reached XP level 15. HP: 133/153 MP: 14/14
 22179 | D:13     | Found a gate to the Vaults.
 22447 | D:13     | Noticed Jorgrun
 22459 | D:13     | Killed Jorgrun
 23609 | D:14     | Received a gift from Trog
 23633 | D:15     | Entered Level 15 of the Dungeon
 23669 | D:15     | Found a broken altar of Ashenzari.
 23973 | D:15     | Identified the +0 leather armour "Qaesep" {-Cast rF+ SInv}
                  | (You found it on level 15 of the Dungeon)
 24027 | D:15     | Found a one-way gate to the infinite horrors of the Abyss.
 24027 | D:15     | Noticed SafestHooves's ghost (journeyman CeMo)
 24297 | D:15     | Paralysed by an ogre mage for 3 turns
 24365 | D:15     | Found a staircase to the Depths.
 24397 | D:15     | Found a transporter.
 24397 | D:15     | Noticed a tentacled starspawn
 24405 | D:15     | Found a transporter.
 24409 | D:15     | Noticed a tentacled starspawn
 24413 | D:15     | Identified the +7 great mace of Fixation {distort, Int+3
                  | Dex+2}
 24744 | Spider:1 | Entered Level 1 of the Spider Nest
 24761 | Spider:1 | Noticed Josephine
 24776 | Spider:1 | Killed Josephine
 24990 | Spider:1 | Received a gift from Trog
 25106 | Spider:1 | Reached XP level 16. HP: 163/163 MP: 15/15
 25420 | Spider:1 | Got a shimmering quarterstaff
 25426 | Spider:1 | Identified the +7 quarterstaff "Qigur" {protect, rC+ Str+2}
                  | (You found it on level 1 of the Spider Nest)
 25734 | Spider:2 | Found a frozen archway.
 25758 | IceCv    | Entered an ice cave
 26416 | IceCv    | Received a gift from Trog
 27239 | IceCv    | Noticed an Ice Fiend
 27262 | IceCv    | HP: 11/246 [Ice Fiend (46)]
 27266 | IceCv    | Killed an Ice Fiend
 27283 | IceCv    | HP: 1/165 [seven-headed hydra simulacrum (17)]
 27477 | IceCv    | Got a brightly glowing spear
 27478 | IceCv    | Identified the +7 spear "Pendulum" {freeze, *Slow rPois
                  | Dex+4} (You found it in an ice cave)
 28170 | Spider:2 | Received a gift from Trog
 28171 | Spider:2 | Reached skill level 5 in Evocations
 28186 | Spider:2 | You fall into a shaft and drop 1 floor!
 28839 | Spider:3 | Noticed Louise
 28856 | Spider:3 | Killed Louise
 29652 | Spider:4 | Entered Level 4 of the Spider Nest
 29727 | Spider:4 | Identified Roxanne's Almanac of the Rocks
 29727 | Spider:4 | Noticed Roxanne
 29992 | Spider:4 | Killed Roxanne
 29993 | Spider:4 | Reached XP level 17. HP: 175/175 MP: 16/16
 30187 | Spider:4 | Got a crude kite shield
 30198 | Spider:4 | Identified the +2 kite shield of Prudence {MP+9 Str+3
                  | Int-2} (You found it on level 4 of the Spider Nest)
 30223 | Spider:4 | Received a gift from Trog
 30376 | Spider:4 | Reached skill level 10 in Dodging
 32316 | Spider:4 | Got a gossamer rune of Zot
 32533 | Shoals:1 | Entered Level 1 of the Shoals
 32673 | Shoals:1 | Received a gift from Trog
 33323 | Shoals:1 | Reached skill level 15 in Armour
 33475 | Shoals:2 | Noticed Polyphemus
 33493 | Shoals:2 | Killed Polyphemus
 33618 | Shoals:2 | Reached XP level 18. HP: 183/183 MP: 17/17
 34050 | Shoals:3 | Found Xiemm's General Store.
 34352 | Shoals:3 | Received a gift from Trog
 34826 | Shoals:3 | Found Pumock's Jewellery Emporium.
 34844 | Shoals:3 | Found Puugat's Distillery.
 34857 | Shoals:3 | Found Geocoan's Book Emporium.
 34940 | Shoals:4 | Entered Level 4 of the Shoals
 35304 | Shoals:4 | Got a brightly glowing marble ring
 35305 | Shoals:4 | Identified the ring "Earthly Heaven" {+Fly rElec Str+4
                  | Dex+3 SInv} (You found it on level 4 of the Shoals)
 35364 | Shoals:4 | Noticed Aizul
 35376 | Shoals:4 | Killed Aizul
 35484 | Shoals:4 | Received a gift from Trog
 35970 | Shoals:4 | Got a barnacled rune of Zot
 36914 | Elf:1    | Entered Level 1 of the Elven Halls
 37081 | Elf:1    | Found a shimmering blue altar of Sif Muna.
 37185 | Elf:1    | Received a gift from Trog
 37330 | Elf:1    | Cast into level 4 of the Abyss (a deep elf sorcerer)
 37389 | Abyss:4  | Found a corrupted altar of Lugonu.
 37391 | Elf:1    | Escaped the Abyss
 37648 | Elf:1    | Found Siphedao's Gadget Emporium.
 37770 | Elf:1    | Identified the Catalogue of Evil Rituals
 38399 | Elf:2    | Found a roughly hewn altar of Beogh.
 38456 | Elf:2    | Reached skill level 15 in Shields
 38659 | Elf:2    | Received a gift from Trog
 38664 | Elf:2    | Found a runed translucent door.
 38716 | Elf:2    | Found a runed translucent door.
 39044 | Elf:2    | Reached XP level 19. HP: 171/190 MP: 18/18
 39063 | Elf:2    | Noticed Asterion
 39077 | Elf:2    | Killed Asterion
 39078 | Elf:2    | Reached skill level 10 in Evocations
 39559 | Elf:3    | Entered Level 3 of the Elven Halls
 39570 | Elf:3    | Got a scorched lead ring
 39572 | Elf:3    | Identified the cursed ring "Leaduuxt" {rF+ Will+ Str-4}
                  | (You found it on level 3 of the Elven Halls)
 39664 | Elf:3    | Got a pitted hunting sling
 39666 | Elf:3    | Identified the cursed +1 hunting sling of the Bouncing
                  | Violins {venom, rElec rC- Str+7 Int-4} (You found it on
                  | level 3 of the Elven Halls)
 39836 | Elf:3    | Received a gift from Trog
 39997 | Elf:3    | Found a gateway to a bazaar.
 40005 | Bazaar   | Entered a bazaar
 40017 | Bazaar   | Found Zapsuh's Book Emporium.
 40017 | Bazaar   | Found Hemyxufe's Antique Armour Emporium.
 40049 | Bazaar   | Found Yngonill's Weapon Shoppe.
 40049 | Bazaar   | Found Qaott's Antique Armour Shoppe.
 40089 | Bazaar   | Bought a runed plate armour for 572 gold pieces
 40389 | Elf:3    | Got a pair of fine gloves
 40400 | Elf:3    | Identified the +2 pair of gloves of Depression {Harm rN+
                  | Dex-3} (You found it on level 3 of the Elven Halls)
 41035 | Elf:3    | Cast into level 2 of the Abyss (a deep elf demonologist)
 41411 | Abyss:2  | Noticed an ancient lich
 41424 | Abyss:2  | Gained mutation: [Your magical capacity is low. (-10% MP)]
                  | [a neqoxec]
 41426 | Abyss:2  | Gained mutation: You can translocate small distances at
                  | will. [a neqoxec]
 41429 | Abyss:2  | Gained mutation: You are dopey. (Int -2) [a neqoxec]
 41430 | Abyss:2  | Gained mutation: [Your magical capacity is very low. (-20%
                  | MP)] [a neqoxec]
 41456 | Abyss:2  | Killed an ancient lich
 41456 | Abyss:2  | Received a gift from Trog
 41466 | Elf:3    | Escaped the Abyss
 41616 | Elf:3    | Cast into level 3 of the Abyss (a deep elf demonologist)
 41871 | Abyss:3  | Lost intelligence.
 41911 | Abyss:3  | Killed from afar by a raiju

Illustrated notes

Levels and vault maps discovered:
D:1:      psy_arrival_statuary, layout_loops_corners, serial_park_tiny_2
D:2:      layout_basic, corner_web_ring, uniq_natasha, uniq_sigmund
D:3:      layout_loops_cross, minitemple, minmay_close_crescents
D:4:      layout_loops_corners, temple_pool_b, uniq_duvessa, uniq_menkaure
D:5:      layout_loops_corners, marbit_many_paths, nrook_pool_corridor,
          uniq_blork_the_orc, uniq_edmund
D:6:      layout_basic, basic_altar, lemuel_another_geyser
D:7:      layout_rooms, basic_altar, okawaru_gym_becter
D:8:      kennysheep_six_static_rooms, layout_basic, serial_shops, shop,
          kennysheep_path_1, disabler_island
D:9:      layout_stronghold, serial_shops, shop, serial_bayou_crossing,
          uniq_harold, uniq_prince_ribbit1, uniq_maggie
D:10:     layout_basic, grunt_lair_entry_orc_guard_hut, serial_shops,
          nicolae_shop_statue_plus
D:11:     layout_irregular_city, orc_0_dummy
D:12:     layout_roguey, nicolae_straight_to_the_point, uniq_erolcha
D:13:     layout_rooms, hangedman_vaults_entry_quadrant_bands,
          hangedman_stone_soup, uniq_jorgrun
D:14:     layout_long_grid, hangedman_decor_growths
D:15:     hangedman_depths_entry_civil_slaughter, layout_loops_ring,
          gammafunk_ghost_abyssal_escape, lemuel_doored_altar
Lair:1:   layout_big_grid, basic_altar
Lair:2:   dragon1_lemuel, layout_hall_layers, minmay_shoals_entry_centaurs,
          gauntlet_entry_generic, infiniplex_staircase_pool_2, uniq_gastronok,
          uniq_erica
Lair:3:   layout_layer_cave, spider_nest_entry_a, ebering_ghost_disaster_area
Lair:4:   layout_hall_layers
Lair:5:   layout_loops_ring, slime_altar_1, dpeg_oklob_1, lemuel_fruit_fields,
          serial_bayou_shore_a
Lair:6:   gammafunk_lair_ancient_temple, layout_regular_city,
          chequers_serial_rivers_micro_b, minmay_lair_oklob_chamber,
          serial_bayou_shore_b
Shoals:1: layout_shoals, st_shoals_ruin
Shoals:2: layout_shoals, uniq_polyphemus
Shoals:3: layout_shoals, serial_shops, shop_fountains, nicolae_shop_crystal,
          shop, nicolae_shop_behind_doors, nicolae_shoals_so_close
Shoals:4: shoals_end_grunt_ice, layout_shoals, uniq_aizul
Spider:1: layout_spider_delve, hive_lemuel, uniq_josephine
Spider:2: layout_spider_delve, portal_ice_cave_entry_ice_statue_two,
          guppyfry_spider_mini_3, nicolae_spider_cling_halls
Spider:3: layout_spider_delve, drop_trap, uniq_louise
Spider:4: floodkiller_spider_rune_tomb, uniq_roxanne
Orc:1:    layout_diamond_mine, serial_shops, nicolae_shop_waterfront, shop,
          nicolae_shop_crystal, nicolae_orc_rich_vein
Orc:2:    st_orc_congregation, layout_diamond_mine, basic_altar, serial_shops,
          nicolae_shop_behind_doors
Elf:1:    eino_elf_arrival_customs, layout_loops_corners, basic_altar,
          serial_shops, nicolae_shop_stone, minmay_elf_necromancy,
          palyth_stone_intersect
Elf:2:    layout_gridlike, special_room [special_room_orc], uniq_asterion
Elf:3:    minmay_elf_hall_spiked, layout_geoelf_castle, serial_shops, statue_bzr
Abyss:3:  base: Lair:1, hangedman_abyss_or_decor_stagger,
          grunt_abyss_rune_forest_and_sorcery

Skill      XL: |  1  2  3  4  5  6  7  8  9 10 11 12 13 14 15 16 17 18 19 |
---------------+----------------------------------------------------------+-----
Axes           | 4 5 7 10 11 12 14 17 18 20 | 20.0
Fighting       | 4 5 7 8 9 12 13 15 16 17 18 20 | 20.0
Armour         | 3 6 7 8 9 10 11 12 15 18 | 18.1
Dodging        | 6 7 9 11 | 11.0
Shields        | 2 8 10 13 15 16 | 16.1
Evocations     | 2 7 9 12 | 12.8

Action                   |  1- 3 |  4- 6 |  7- 9 | 10-12 | 13-15 | 16-18 | 19-21 || total
-------------------------+-------+-------+-------+-------+-------+-------+-------++-------
Melee: Hand axe          |    69 |    91 |     4 |       |       |       |       ||   164
       Headbutt          |    11 |    18 |    59 |   101 |   253 |   460 |   105 ||  1007
       War axe           |       |       |   209 |   131 |       |       |       ||   340
       Battleaxe         |       |       |    97 |    70 |       |       |       ||   167
       Broad axe         |       |       |       |   169 |   665 |  1390 |   351 ||  2575
       Morningstar       |       |       |       |     6 |       |       |       ||     6
       Executioner's axe |       |       |       |    29 |   295 |       |       ||   324
 Fire: Hunting sling     |    17 |     2 |     3 |       |       |       |       ||    22
Throw: Boomerang         |       |       |       |       |    10 |    20 |       ||    30
Invok: Berserk           |     2 |     5 |     6 |     7 |     5 |     7 |     3 ||    35
       Trog's Hand       |       |       |     2 |     1 |     2 |     5 |     1 ||    11
       Brothers in Arms  |       |       |       |     2 |       |     1 |     1 ||     4
 Abil: Evoke Flight      |       |       |       |       |       |     8 |       ||     8
Evoke: Wand              |       |       |       |       |     2 |     1 |       ||     3
       Condenser vane    |       |       |       |       |     1 |     1 |       ||     2
  Use: Scroll            |     5 |     2 |    11 |     9 |    18 |    10 |     6 ||    61
       Potion            |       |       |       |     2 |     2 |     1 |     1 ||     6
 Stab: Distracted        |       |       |       |       |       |     2 |       ||     2
Armor: Animal skin       |     3 |       |       |       |       |       |       ||     3
       Plate armour      |    29 |    48 |   130 |       |       |       |    77 ||   284
       Chain mail        |       |       |    42 |   211 |   385 |   306 |    15 ||   959
Dodge: Dodged            |    29 |    31 |   107 |   140 |   286 |   322 |    79 ||   994
Block: Buckler           |       |     7 |    21 |       |       |       |       ||    28
       Kite shield       |       |       |       |   195 |       |       |       ||   195
       Other             |       |       |       |     6 |    61 |    12 |       ||    79
       Tower shield      |       |       |       |       |   725 |  1574 |   383 ||  2682
       Reflection        |       |       |       |       |    44 |    61 |    14 ||   119

Table legend: (Time is in decaauts)
 A = Elapsed time spent in this place.
 B = Non-inter-level travel time spent in this place.
 C = Inter-level travel time spent in this place.
 D = Time resting spent in this place.
 E = Time spent auto-exploring this place.
 F = Levels seen in this place.
 G = Mean time per level.
                   A        B        C        D        E       F      G
               +--------+--------+--------+--------+--------+-----+--------+
         Total |  42857 |  40578 |   2279 |   8956 |   7997 |  40 | 1071.4 |
       Dungeon |  15371 |  14287 |   1084 |   1551 |   5858 |  15 | 1024.7 |
          Lair |   7635 |   7104 |    531 |   1641 |   1612 |   6 | 1272.5 |
        Shoals |   4530 |   4278 |    252 |   1204 |     22 |   4 | 1132.5 |
   Spider Nest |   5905 |   5698 |    207 |   1822 |    243 |   4 | 1476.2 |
  Orcish Mines |   2187 |   2096 |     91 |    341 |      0 |   2 | 1093.5 |
   Elven Halls |   4118 |   4005 |    113 |    839 |    262 |   3 | 1372.7 |
         Abyss |    793 |    793 |      0 |    253 |      0 |   3 |  264.3 |
        Bazaar |    108 |    108 |      0 |      0 |      0 |   1 |  108.0 |
      Ice Cave |   1803 |   1803 |      0 |   1241 |      0 |   1 | 1803.0 |
      Gauntlet |    402 |    402 |      0 |     62 |      0 |   1 |  402.0 |
               +--------+--------+--------+--------+--------+-----+--------+

Top non-repeatable levels by time:
Spider:4: 2864 daAuts
  Lair:6: 2116 daAuts
   IceCv: 1803 daAuts
   Orc:2: 1668 daAuts
Shoals:4: 1583 daAuts
   Elf:2: 1558 daAuts
     D:4: 1551 daAuts
   Elf:3: 1474 daAuts
  Lair:3: 1459 daAuts
Shoals:3: 1303 daAuts
     D:5: 1289 daAuts
     D:9: 1281 daAuts
Spider:3: 1193 daAuts
     D:1: 1153 daAuts
  Lair:4: 1125 daAuts
